AoeStats
← Maslive

Black Forest

510638019Analyzed
4v4 RM · 21h ago on Oct 1, 2026· 46m 47s· 8 players
Game mode
Random Map
Map size
Large (8 player)
Population
200
Speed
Normal
Resources
Standard
Victory
Conquest
Starting age
Dark Age
Ending age
Imperial Age
RankedLock teamsTeams togetherTeam positionsShared explorationLock speedFull tech treeHidden civsTurbo modeCheats
Victory
Defeat
🇵🇪 Goths · Peru
1300
+12
🇦🇷 Britons · Argentina
1215
+15
🇨🇴 Turks · Colombia
1153
+18
🇦🇷 Franks · Argentina
1085
+20
🇩🇪 Danes · Germany
1207
-17
🇺🇸 Cumans · United States
1202
-17
🇫🇷 Persians · France
1197
-16
🇪🇸 Turks · Spain
1160
-15
Maslive
6:45 Loom
14:19 Feudal Age
39:12 Man-at-Arms
Guille
12:59 Feudal Age
14:02 Loom
17:08 Castle Age
16:40 Double-Bit Axe
18:56 Bow Saw
25:51 Imperial Age
30:25 Fletching
37:50 Padded Archer Armor
39:59 Leather Archer Armor
Choucha Boy
10:39 Feudal Age
16:34 Castle Age
14:22 Horse Collar
14:42 Double-Bit Axe
17:58 Forging
23:57 Husbandry
24:20 Scale Barding Armor
26:08 Iron Casting
25:46 Light Cavalry
26:36 Bloodlines
31:56 Padded Archer Armor
31:46 Fletching
33:06 Bodkin Arrow
33:27 Leather Archer Armor
33:52 Elite Skirmisher
35:33 Chain Barding Armor
noziemann
0:27 Loom
11:52 Feudal Age
18:23 Castle Age
17:50 Scale Mail Armor
18:13 Arson
18:40 Forging
20:11 Double-Bit Axe
21:16 Chain Mail Armor
23:03 Gambesons
23:37 Squires
42:25 Wheelbarrow
tacos4life198
2:38 Loom
2:50 Loom
12:21 Feudal Age
14:10 Double-Bit Axe
15:04 Wheelbarrow
19:05 Castle Age
17:09 Horse Collar
21:07 Bow Saw
21:35 Hand Cart
25:32 Imperial Age
24:00 Hand Cart
30:07 Padded Archer Armor
31:06 Gold Mining
32:50 Ballistics
41:00 Leather Archer Armor
43:19 Ring Archer Armor
43:33 Gold Shaft Mining
44:00 Heavy Plow
45:04 Two-Man Saw
MaxTorres04
10:00 Feudal Age
10:44 Man-at-Arms
13:42 Double-Bit Axe
14:54 Loom
18:16 Horse Collar
20:18 Wheelbarrow
24:17 Castle Age
22:49 Gold Mining
24:27 Scale Mail Armor
24:37 Forging
24:33 Pikeman
24:34 Long Swordsman
26:35 Bow Saw
27:58 Hand Cart
38:44 Imperial Age
36:41 Town Watch
37:31 Chain Mail Armor
37:41 Ballistics
37:02 Treadmill Crane
38:50 Iron Casting
40:41 Chemistry
41:32 Stone Mining
42:46 Two-Man Saw
42:48 Blast Furnace
45:09 Anarchy
46:37 Stone Shaft Mining
47:26 Town Patrol
Ahnta
10:19 Feudal Age
10:58 Double-Bit Axe
18:51 Castle Age
17:23 Gold Mining
23:12 Scale Barding Armor
27:58 Forging
41:19 Chain Barding Armor
49:15 Imperial Age
Tha_Kela
12:08 Feudal Age
12:11 Loom
16:55 Castle Age
21:38 Wheelbarrow
21:05 Padded Archer Armor
20:58 Fletching
32:00 Bodkin Arrow
43:36 Imperial Age
45:35 Padded Archer Armor
Connection lost

Rejoining the realm…

Still unreachable

The connection could not be restored.

Session expired

The server has moved on; the page needs a fresh start.